 Dungeon Crawl Stone Soup version 0.30.0-11-gf55b779eaf (webtiles) character file.

Game seed: 14830481261566715960

3263 olmar the Protected (level 9, -1/76 (79) HPs)
             Began as an Armataur Fighter on May 17, 2023.
             Was an Initiate of Gozag.
             Slain by an orc knight
             ... wielding a +0 halberd
              (25 damage)
             ... in a bailey.
             The game lasted 00:10:57 (7335 turns).

olmar the Protected (Armataur Fighter)              Turns: 7335, Time: 00:10:57

HP:   -1/76 (79)    AC: 12    Str: 30    XL:     9   Next: 68%
MP:   9/9           EV:  7    Int:  7    God:    Gozag
Gold: 48            SH:  4    Dex:  9    Spells: 8/8 levels left

rFire   . . .        a - +1 flail
rCold   + + .        c - +0 buckler
rNeg    + + .        i - +0 chain mail {rN+}
rPois   +            (no helmet)
rElec   +            (no cloak)
rCorr   +            A - +0 pair of gloves
SInv    .            (no barding)
Will    .....        x - amulet of the acrobat Stlth
                     h - ring of positive energy
HPRegen 0.32/turn    d - ring of protection from cold
MPRegen 0.11/turn

%: random rage (3%), acrobat, roll
@: resistant, gold aura, hasted, lightly drained, invisible, very quick
A: large, rugged brown scales 3, deformed body, armoured tail, roll, long
tongue, awkward tongue, stinger 1, berserk 1, strong 1, wild magic 1, heat
vulnerability 1
a: Renounce Religion, Potion Petition, Call Merchant, Bribe Branch


You were in a bailey.
You worshipped Gozag.
Gozag was noncommittal.
You visited 2 branches of the dungeon, and saw 8 of its levels.
You also visited: Bailey.

You collected 961 gold pieces.
You paid 913 gold pieces to Gozag.

Inventory:

Hand Weapons
 a - a +1 flail (weapon)
 y - a +0 heavy flail
 z - a +1 whip of electrocution
Missiles
 w - 6 poisoned darts (quivered)
Armour
 b - a +0 scale mail
 c - a +0 buckler (worn)
 i - a +0 chain mail of positive energy (worn)
 A - a +0 pair of gloves (worn)
Jewellery
 d - a ring of protection from cold (right hand)
 h - a ring of positive energy (left hand)
 r - a ring of magical power
 t - a ring of wizardry
 x - an amulet of the acrobat (around neck)
 C - a +6 ring of dexterity
Wands
 u - a wand of flame (6)
Scrolls
 e - 3 scrolls of enchant weapon
 g - 2 scrolls of magic mapping
 k - a scroll of poison {unknown}
 l - a scroll of vulnerability {unknown}
 m - a scroll of amnesia {unknown}
 n - a scroll of fog {unknown}
 q - a scroll of blinking {unknown}
Potions
 f - a potion of flight
 j - a potion of attraction
 o - a potion of curing {unknown}
 p - a potion of magic
 s - 3 potions of cancellation
 v - a potion of haste
 B - 2 potions of degeneration {unknown}


   Skills:
 + Level 5.5 Fighting
 + Level 8.3 Maces & Flails
 + Level 10.0 Armour
 - Level 1.1 Stealth
 + Level 5.3 Shields
 + Level 2.0 Evocations


You had 8 spell levels left.
You didn't know any spells.
Your spell library contained the following spells:

 Spells                   Type           Power      Damage    Failure   Level
 Beastly Appendage        Tmut           0%         N/A       91%         1
 Magic Dart               Conj           0%         1d3       91%         1
 Ensorcelled Hibernation  Hex/Ice        0%         N/A       97%         2
 Passwall                 Tmut/Erth      0%         N/A       97%         2
 Scorch                   Fire           0%         2d5       97%         2
 Wereblood                Tmut           0%         N/A       97%         2
 Hailstorm                Conj/Ice       0%         3d3       99%         3
 Spider Form              Tmut/Pois      0%         N/A       99%         3
 Stone Arrow              Conj/Erth      0%         3d7       99%         3
 Swiftness                Air            0%         N/A       99%         3
 Animate Armour           Summ/Erth      0%         N/A       100%        4
 Flame Wave               Conj/Fire      0%         2d4       100%        4
 Fulminant Prism          Conj/Hex       0%         3d5       100%        4
 Ice Form                 Ice/Tmut       0%         N/A       100%        4
 Freezing Cloud           Conj/Ice/Air   0%         6-21      100%        5
 Conjure Ball Lightning   Conj/Air       0%         3x3d6     100%        6
 Summon Cactus Giant      Summ           0%         N/A       100%        6
 Lehudib's Crystal Spear  Conj/Erth      0%         10d2      100%        8
 Simulacrum               Ice/Necr       Unusable   N/A       N/A         6

Dungeon Overview and Level Annotations

Branches:
Dungeon (7/15)             Temple (1/1) D:4          Bailey (1/1)

Altars:
Ashenzari
Dithmenos
Fedhas
Gozag
Hepliaklqana
Kikubaaqudgha
Nemelex Xobeh
Qazlal
Sif Muna
Trog
Uskayaw
Vehumet
Xom
Yredelemnul
Zin
The Shining One

Shops:
D:4 (


Innate Abilities, Weirdness & Mutations

You are completely covered in rugged brown scales. (AC +3, +7% HP)
Armour fits poorly on your strangely shaped body.
You have a long armoured tail.
You roll when moving toward enemies. (Rampage)
Your long tongue fully drains potion bottles. (2x potion effects)
Your tongue gives you trouble enunciating. (1.5x scroll delay)
Your tail ends in a venomous barb.
You sometimes lose your temper in combat.
Your muscles are strong. (Str +4, Int/Dex -1)
Your spells are a little harder to cast, but a little more powerful.
You are vulnerable to heat. (rF-)


Message History

The orc hits you from afar with a +0 halberd.
The orc knight hits you but does no damage.
Unknown command.
You catch the helpless orc knight completely off-guard!
You hit the orc knight but do no damage.
The orc knight is moderately wounded.
Unknown command.
You closely miss the orc knight.
Your tail-slap misses the orc knight.
The orc knight is moderately wounded.
You block the orc's attack.
The orc knight hits you with a +0 halberd!
* * * LOW HITPOINT WARNING * * *
Unknown command.
Unknown command.
Okay, then.
Unknown command.
The orc knight looks more healthy.
There is an open door here.
You hit the orc.
You kill the orc!
Your Armour skill increases to level 10!
Unknown command.
Aiming: Throw Flame
Press: ? - help, Shift-Dir - straight line, f - orc knight
Aim: an orc knight, wielding a +0 halberd (moderately wounded, unable to see you, 60% to hit)
The puff of flame hits the orc knight!
The orc knight is heavily wounded.
Unknown command.
Aiming: Throw Flame
Press: ? - help, Shift-Dir - straight line, f/p - orc knight
Aim: an orc knight, wielding a +0 halberd (heavily wounded, unable to see you, 60% to hit)
The puff of flame hits the orc knight.
The orc knight is heavily wounded.
Unknown command.
The orc knight completely misses you.
You closely miss the orc.
You tail-slap the orc, but do no damage.
The orc knight hits you from afar with a +0 halberd!!
You die...
Your body crumbles into a pile of gold.

#)'..∩..'.#)'..⌠..'.#
###.....#####.....###
##.....## ##.....##
##'##'##'###'##+##'##
#.###.###)#)## ##)#
### ### ##### ### #$#
#.# #. #g#.# #.###.#
#'##'##'# #'##'##'##
#.....# #.@...##
#...o.#####o...$###
+!.⌠.!' #.go.⌠..'.#
#.!.go# ###og$..###
#!..g.## ##$....#
+##+##'###'##'##'#
##$g$###$# #.# #####
### ##


You could see an orc knight (unable to see you), 2 gnolls and 2 orcs.

Vanquished Creatures
  Pikel (D:6)
  A hornet (D:6)
  Sigmund (D:4)
  5 yaks (D:5)
  An ogre (D:5)
  4 lemures (D:5)
  A centaur (D:6)
  5 phantoms
  2 bullfrogs
  4 scorpions
  4 wights
  A howler monkey (D:5)
  6 hounds
  A gnoll bouda (D:6)
  2 jellies (D:4)
  An orc priest (D:4)
  2 iguanas (D:5)
  An orc wizard (D:5)
  8 adders
  15 gnolls
  A white imp (D:6)
  2 worms
  3 dart slugs
  22 orcs
  7 bats
  9 endoplasms
  3 giant cockroaches
  15 goblins
  8 hobgoblins
  4 jackals (D:3)
  6 quokkas
  5 ball pythons
  2 frilled lizards
  8 kobolds
  5 rats
166 creatures vanquished.

Vanquished Creatures (others)
  An iguana (D:5)
1 creature vanquished.

Grand Total: 167 creatures vanquished

Notes
Turn   | Place    | Note
-------+----------+-------------------------------------------
     0 | D:1      | olmar the Armataur Fighter began the quest for the Orb.
     0 | D:1      | Reached XP level 1. HP: 19/19 MP: 1/1
    71 | D:1      | Reached XP level 2. HP: 26/26 MP: 2/2
   141 | D:1      | Reached skill level 4 in Armour
   270 | D:1      | Found a faded altar of an unknown god.
   390 | D:1      | Got Vehumet's Discourse on Attacks
   545 | D:1      | Reached XP level 3. HP: 33/33 MP: 3/3
  1504 | D:2      | Reached skill level 5 in Armour
  1504 | D:2      | Reached XP level 4. HP: 40/40 MP: 4/4
  2826 | D:4      | Found Zuol's Weapon Shop.
  2891 | D:4      | Found a staircase to the Ecumenical Temple.
  2895 | D:4      | Reached XP level 5. HP: 48/48 MP: 5/5
  2900 | D:4      | Found a shimmering blue altar of Sif Muna.
  2906 | Temple   | Entered the Ecumenical Temple
  3005 | Temple   | Became a worshipper of Gozag Ym Sagoz the Greedy
  3151 | D:4      | Found a blossoming altar of Fedhas.
  3316 | D:4      | Reached XP level 6. HP: 51/54 MP: 6/6
  3471 | D:4      | Found a bloodstained altar of Trog.
  3593 | D:4      | Reached skill level 5 in Maces & Flails
  3593 | D:4      | Reached skill level 6 in Armour
  3593 | D:4      | Reached XP level 7. HP: 45/62 MP: 7/7
  3801 | D:4      | Found a broken altar of Ashenzari.
  4026 | D:5      | Entered Level 5 of the Dungeon
  4180 | D:5      | Noticed Sigmund
  4288 | D:5      | Gained mutation: You are vulnerable to heat. (rF-) [potion
                  | of mutation]
  4288 | D:5      | Gained mutation: Your tail ends in a venomous barb. [potion
                  | of mutation]
  4288 | D:5      | Gained mutation: You sometimes lose your temper in combat.
                  | [potion of mutation]
  4288 | D:5      | Gained mutation: Your spells are a little harder to cast,
                  | but a little more powerful. [potion of mutation]
  4288 | D:5      | Gained mutation: Your muscles are strong. (Str +4, Int/Dex
                  | -1) [potion of mutation]
  4945 | D:5      | Found a stormy altar of Qazlal.
  4959 | D:5      | Reached skill level 7 in Armour
  4959 | D:5      | Reached XP level 8. HP: 70/70 MP: 8/8
  5013 | D:4      | Killed Sigmund
  5101 | D:5      | Reached skill level 1 in Stealth
  5105 | D:5      | Reached skill level 8 in Armour
  5105 | D:5      | Reached skill level 1 in Evocations
  5316 | D:6      | Reached XP level 9. HP: 78/78 MP: 9/9
  5371 | D:6      | Found a glowing golden altar of the Shining One.
  5512 | D:6      | Reached skill level 5 in Shields
  5575 | D:6      | Reached skill level 5 in Fighting
  5575 | D:6      | Reached skill level 9 in Armour
  5852 | D:6      | Noticed Pikel
  6544 | D:6      | Killed Pikel
  6754 | D:7      | Found a flagged portal.
  6770 | Bailey   | Entered a bailey
  7289 | Bailey   | Noticed an orc knight
  7327 | Bailey   | Reached skill level 10 in Armour
  7335 | Bailey   | Slain by an orc knight

Illustrated notes

Levels and vault maps discovered:
D:1:      dpeg_arrival_subterranean_lakeside_camping, layout_basic,
          serial_rivers, chequers_serial_rivers_micro_d,
          chequers_serial_rivers_micro_e, chequers_serial_rivers_micro_c,
          chequers_serial_rivers_small_3, hellmonk_ecumenical_altar_crossroads,
          chequers_serial_rivers_large_b, st_stairs_4
D:2:      layout_basic, minmay_circle_x
D:3:      layout_basic, kennysheep_generic_room_16
D:4:      layout_loops_ring, lemuel_doored_altar, overflow_temple_1_default,
          amcnicky_altar_gilded, mainiacjoe_overflow_brackets,
          minmay_temple_entry_tees, serial_shops, nicolae_shop_hallway_stairs
D:5:      layout_basic, nicolae_qazlal_scattered_showers, uniq_sigmund
D:6:      layout_gridville, tso_metal_star, uniq_pikel
D:7:      layout_cave_pools, enter_bailey_2, uniq_crazy_yiuf_cottage
Temple:   jpeg_temple_clearing
Bailey:   bailey_polearm_nasty_gnolls, bailey

Skill      XL: |  1  2  3  4  5  6  7  8  9 |
---------------+----------------------------+-----
Maces & Flails | 2 4 5 7 8 |  8.3
Armour         | 4 5 6 7 8 10 | 10.0
Fighting       | 3 4 5 |  5.5
Shields        | 4 5 |  5.3
Stealth        | 1 |  1.1
Evocations     | 1 2 |  2.0

Action                     |  1- 3 |  4- 6 |  7- 9 || total
---------------------------+-------+-------+-------++-------
  Melee: Flail             |   107 |   174 |   269 ||   550
         Tailslap          |    12 |    22 |    36 ||    70
 Invoke: Potion Petition   |       |       |     2 ||     2
  Evoke: Wand              |       |       |    13 ||    13
    Use: Potion            |     1 |     1 |     4 ||     6
         Scroll            |       |     3 |     7 ||    10
   Stab: Invisible         |       |       |     2 ||     2
 Armour: Scale mail        |    41 |       |       ||    41
         Chain mail        |    47 |    94 |   143 ||   284
  Dodge: Dodged            |    35 |    64 |   112 ||   211
  Block: Buckler           |    22 |    23 |    51 ||    96
